 Dungeon Crawl Stone Soup version 0.32-a0-312-g1d7162e751 (webtiles) character file.

Game seed: 5394325926829754699

1899738 momomo the Slayer (level 27, 173/173 HPs)
             Began as a Gargoyle Monk on Feb 15, 2024.
             Was a High Priest of Hepliaklqana.
             Escaped with the Orb
             ... and 3 runes!
             The game lasted 02:02:25 (56037 turns).

momomo the Slayer (Gargoyle Monk)                  Turns: 56037, Time: 02:02:26

Health: 173/173    AC: 65    Str: 28    XL:     27
Magic:  32/32      EV: 11    Int: 17    God:    Hepliaklqana [*****.]
Gold:   2649       SH: 23    Dex: 13    Spells: 11/38 levels left

rFire   + + .        f - +9 broad axe (elec)
rCold   + + +        V - +5 kite shield {rF+}
rNeg    + + .        H - +6 gold dragon scales
rPois   ∞            J - +2 helmet of the Kettle-Drum {Will+}
rElec   +            X - +0 cloak "Zuruw" {*Slow rC+++ rCorr Slay+6}
rCorr   +            u - +3 pair of gauntlets of War {Slay+5}
SInv    .            G - +2 pair of boots
Will    ++++.        k - amulet of Myah Sog {Reflect Rampage rN+ Regen+ SH+5} Stlth
                     R - ring of willpower
HPRegen 1.28/turn    Z - ring "Umaom" {Wiz Str+2 Dex+2 Slay+3}
MPRegen 0.23/turn

%: slow self (1%), reflection, rampage, wizardry (x1)
@: flying, studying Translocations
A: reduced essence, sickness immunity, AC +20, big wings, negative energy
resistance 1, electricity resistance, torment resistance 1, petrification
resistance, clever 1, wild magic 1
0: Orb of Zot
}: 3/15 runes: serpentine, barnacled, silver
a: Renounce Religion, Recall Ancestor, Ancestor Identity, Transference, Idealise


You escaped.
You worshipped Hepliaklqana.
Hepliaklqana was extremely pleased with you.
You visited 11 branches of the dungeon, and saw 51 of its levels.
You also visited: Ice Cave, Volcano and Wizlab.

You collected 9041 gold pieces.
You spent 6392 gold pieces at shops.

Inventory:

Hand Weapons
 c - a +0 war axe of distortion
 d - a +4 antimagic war axe
 f - a +9 broad axe of electrocution (weapon)
 z - a +4 vampiric spear
 M - a +3 trishula of holy wrath
Missiles
 g - 13 javelins
 n - 5 darts of dispersal
 r - 54 boomerangs
 w - 7 silver javelins (quivered)
 I - 14 curare-tipped darts
 P - 7 throwing nets {!f}
Armour
 u - the +3 pair of gauntlets of War (worn) {Slay+5}
   (You bought it in a shop on level 2 of the Orcish Mines)

   Slay+5:    It affects your accuracy & damage with ranged weapons and melee
   (+5).
 G - a +2 pair of boots (worn)
 H - +6 gold dragon scales (worn)
 J - the +2 helmet of the Kettle-Drum (worn) {Will+}
   (You found it in an ice cave)

   Will+:     It increases your willpower.
 V - a +5 kite shield of fire resistance (worn)
 X - the +0 cloak "Zuruw" (worn) {*Slow rC+++ rCorr Slay+6}
   (You bought it in a shop on level 3 of the Shoals)

   Slay+6:    It affects your accuracy & damage with ranged weapons and melee
   (+6).
   rC+++:     It renders you almost immune to cold.
   rCorr:     It protects you from acid and corrosion.
   *Slow:     It may slow you when you take damage.
 Y - a +1 cloak of willpower
Jewellery
 b - a ring of see invisible
 k - the amulet of Myah Sog (around neck) {Reflect Rampage rN+ Regen+ SH+5}
   (You acquired it on level 5 of the Dungeon)

   [amulet of reflection]

   Reflect:   It reflects blocked missile attacks.
   rN+:       It protects you from negative energy.
   Regen+:    It increases your rate of health regeneration.
   SH+5:      It affects your SH (+5).
   Rampage:   It bestows one free step when moving towards enemies.
 p - the ring "Atuul" {rF++ rC+ Will- Slay+6}
   (You took it off a frost giant on level 3 of the Depths)

   [ring of protection from cold]

   Slay+6:    It affects your accuracy & damage with ranged weapons and melee
   (+6).
   rF++:      It greatly protects you from fire.
   rC+:       It protects you from cold.
   Will-:     It decreases your willpower.
 s - the ring of Shadows {Umbra +Inv Stlth+}
   (You bought it in a shop on level 2 of the Snake Pit)

   [ring of stealth]

   Umbra:     It surrounds you with an aura of shadow, increasing your stealth
   and reducing the accuracy of all others within it.
   +Inv:      It lets you turn invisible.
   Stlth+:    It makes you more stealthy.
 t - the ring of Bathrio {Str+6 Dex+3}
   (You took it off a deep elf high priest on level 3 of the Elven Halls)

   [ring of strength]

   Str+6:     It affects your strength (+6).
   Dex+3:     It affects your dexterity (+3).
 L - a ring of resist corrosion
 N - a ring of willpower
 R - a ring of willpower (left hand)
 Z - the ring "Umaom" (right hand) {Wiz Str+2 Dex+2 Slay+3}
   (You found it on level 3 of the Elven Halls)

   [ring of wizardry]

   Wiz:       It improves your spell success rate.
   Str+2:     It affects your strength (+2).
   Dex+2:     It affects your dexterity (+2).
   Slay+3:    It affects your accuracy & damage with ranged weapons and melee
   (+3).
Wands
 l - a wand of iceblast (44) {@v2}
 y - a wand of charming (52)
 S - a wand of light (39)
 W - a wand of digging (2) {@v3}
Scrolls
 h - 15 scrolls of teleportation {@r3}
 o - 2 scrolls of revelation
 C - a scroll of butterflies
 E - 4 scrolls of blinking {@r4}
 K - a scroll of silence
 O - 6 scrolls of fear
 Q - 5 scrolls of fog
Potions
 a - 6 potions of invisibility
 e - 24 potions of curing {@q1}
 i - 10 potions of attraction
 j - 8 potions of lignification
 m - 5 potions of might {@q3}
 q - 4 potions of haste {@q4}
 v - 6 potions of cancellation
 x - 5 potions of heal wounds {@q2}
 A - 6 potions of mutation
 D - a potion of resistance {@q5}
 F - 9 potions of magic
 T - 2 potions of ambrosia
Miscellaneous
 B - a phantom mirror
 U - a sack of spiders


   Skills:
 - Level 25.0 Fighting
 - Level 22.0 Axes
 + Level 17.2 Throwing
 - Level 21.0 Armour
 - Level 12.3 Dodging
 - Level 2.0 Stealth
 - Level 15.0 Shields
 - Level 6.0 Spellcasting
 - Level 12.0 Translocations
 + Level 8.0 Air Magic
 - Level 14.2 Earth Magic
 - Level 11.3 Invocations
 * Level 10.7 Evocations


You had 11 spell levels left.
You knew the following spells:

 Your Spells              Type           Power      Damage    Failure   Level
a - Summon Small Mammal   Summ           24%        N/A       63%         1
b - Apportation           Tloc           100%       N/A       1%          1
c - Lesser Beckoning      Tloc           100%       N/A       1%          2
d - Manifold Assault      Tloc           56%        N/A       9%          4
e - Vhi's Electric Charg  Tloc/Air       100%       N/A       16%         4
f - Blink                 Tloc           100%       N/A       1%          2
g - Gell's Gravitas       Tloc           56%        N/A       2%          3
h - Passage of Golubria   Tloc           56%        N/A       9%          4
i - Passwall              Erth           63%        N/A       1%          3
j - Swiftness             Air            42%        N/A       12%         3

Your spell library contained the following spells:

 Spells                   Type           Power      Damage    Failure   Level
 Sandblast                Erth           100%       2d20      1%          1
 Teleport Other           Tloc           56%        N/A       2%          3
 Momentum Strike          Conj/Tloc      66%        3d9       13%         2
 Stone Arrow              Conj/Erth      76%        3d11      16%         3
 Shock                    Conj/Air       96%        1d9       21%         1
 Volatile Blastmotes      Fire/Tloc      66%        2d15      24%         3
 Mercury Vapours          Alch/Air       48%        N/A       28%         2
 Static Discharge         Conj/Air       48%        3-5/arc   28%         2
 Airstrike                Air            21%        2d(3-19)  32%         4
 Brom's Barrelling Bould  Conj/Erth      38%        2d6       45%         4
 Leda's Liquefaction      Alch/Erth      19%        N/A       45%         4
 Petrify                  Alch/Erth      38%        N/A       45%         4
 Dimensional Bullseye     Hex/Tloc       16%        N/A       58%         4
 Iskenderun's Mystic Bla  Conj/Tloc      33%        2d8       58%         4
 Freeze                   Ice            24%        1d4       63%         1
 Magic Dart               Conj           24%        1d4       63%         1
 Necrotise                Necr           24%        1d5       63%         1
 Slow                     Hex            24%        N/A       63%         1
 Sting                    Conj/Alch      24%        1d4       63%         1
 Mephitic Cloud           Conj/Alch/Air  18%        N/A       63%         3
 Call Imp                 Summ           12%        N/A       77%         2
 Ensorcelled Hibernation  Hex/Ice        12%        N/A       77%         2
 Jinxbite                 Hex            12%        N/A       77%         2
 Searing Ray              Conj           12%        2d4       77%         2
 Summon Lightning Spire   Summ/Air       24%        N/A       83%         4
 Summon Forest            Summ/Tloc      16%        N/A       88%         5
 Call Canine Familiar     Summ           6%         N/A       92%         3
 Confusing Touch          Hex            6%         N/A       92%         3
 Dazzling Flash           Conj/Hex       12%        N/A       92%         3
 Frozen Ramparts          Ice            12%        1d2       92%         3
 Fugue of the Fallen      Necr           6%         N/A       92%         3
 Hailstorm                Conj/Ice       6%         3d5       92%         3
 Inner Flame              Hex/Fire       6%         N/A       92%         3
 Ozocubu's Armour         Ice            6%         N/A       92%         3
 Sigil of Binding         Hex            6%         N/A       92%         3
 Summon Ice Beast         Ice/Summ       6%         N/A       92%         3
 Vampiric Draining        Necr           6%         2d6       92%         3
 Arcjolt                  Conj/Air       12%        1d22      98%         5
 Silence                  Hex/Air        12%        N/A       98%         5
 Freezing Cloud           Conj/Ice/Air   9%         6-21      99%         5
 Anguish                  Hex/Necr       3%         N/A       100%        4
 Cause Fear               Hex            3%         N/A       100%        4
 Dispel Undead            Necr           6%         3d8       100%        4
 Fulminant Prism          Conj/Alch      3%         3d5       100%        4
 Martyr's Knell           Necr/Summ      6%         N/A       100%        4
 Olgreb's Toxic Radiance  Alch           6%         N/A       100%        4
 Summon Blazeheart Golem  Fire/Summ      6%         N/A       100%        4
 Alistair's Intoxication  Alch           4%         N/A       100%        5
 Irradiate                Conj/Alch      3%         3d12      100%        5
 Metabolic Englaciation   Hex/Ice        3%         N/A       100%        5
 Summon Mana Viper        Hex/Summ       6%         N/A       100%        5
 Yara's Violent Unravell  Hex/Alch       3%         3d4       100%        5
 Conjure Ball Lightning   Conj/Air       12%        3x3d6     100%        6
 Death Channel            Necr           3%         N/A       100%        6
 Plasma Beam              Fire/Air       12%        2x1d23    100%        6
 Sculpt Simulacrum        Ice/Alch       3%         N/A       100%        6
 Starburst                Conj/Fire      3%         6d3       100%        6
 Summon Cactus Giant      Summ           3%         N/A       100%        6
 Enfeeble                 Hex            3%         N/A       100%        7
 Haunt                    Necr/Summ      3%         N/A       100%        7
 Malign Gateway           Summ/Tloc      16%        N/A       100%        7
 Orb of Destruction       Conj           3%         9d5       100%        7
 Ozocubu's Refrigeration  Ice            3%         4d8       100%        7
 Spellforged Servitor     Conj/Summ      3%         N/A       100%        7
 Summon Hydra             Summ           3%         N/A       100%        7
 Discord                  Hex            3%         N/A       100%        8
 Disjunction              Tloc           28%        N/A       100%        8
 Ignition                 Fire           3%         3d4       100%        8
 Infestation              Necr           3%         N/A       100%        8
 Lehudib's Crystal Spear  Conj/Erth      19%        10d6      100%        8
 Maxwell's Capacitive Co  Air            21%        ∞         100%        8
 Summon Horrible Things   Summ           3%         N/A       100%        8
 Polar Vortex             Ice            3%         N/A       100%        9
 Cigotuvi's Dreadful Rot  Necr/Alch/Air  Unusable   N/A       N/A         2
 Sublimation of Blood     Necr           Unusable   N/A       N/A         2

Dungeon Overview and Level Annotations

Branches:
Dungeon (15/15)            Temple (1/1) D:5            Lair (5/5) D:10
 Shoals (4/4) Lair:3        Snake (4/4) Lair:2        Slime (0/5) Lair:5
    Orc (2/2) D:9             Elf (3/3) Orc:2        Vaults (5/5) D:14
  Crypt (3/3) Vaults:2       Tomb (0/3) Crypt:3      Depths (4/4) D:15
    Zot (5/5) Depths:4      IceCv (visited)         Volcano (visited)
 WizLab (visited)

Altars:
Ashenzari
Cheibriados
Dithmenos
Elyvilon
Fedhas
Gozag
Hepliaklqana
Kikubaaqudgha
Makhleb
Nemelex Xobeh
Okawaru
Qazlal
Ru
Sif Muna
Trog
Uskayaw
Vehumet
Wu Jian
Xom
Yredelemnul
Zin
The Shining One
Beogh

Shops:
D:8 [   D:15 *   Orc:1 [   Orc:2 [[[=   Elf:2 *([[   Shoals:3 [   Snake:1 [
Snake:2 :==   Vaults:2 *

Portals:
Hell: Depths:1 Depths:2 Depths:3 Depths:4
Abyss: Depths:3 Depths:4
Pandemonium: Depths:1 Depths:2
Ziggurat: Depths:3
Trove: Depths:2 (give +6 demon blade)

Annotations:
Zot:3 1 runed translucent door, Doopoh's ghost, master OnFi


Innate Abilities, Weirdness & Mutations

Your life essence is reduced to manifest your ancestor. (-10% HP)
You are immune to sickness and miasma.
Your stone body is resilient. (AC +20)
You are immune to poison.
Your large and strong wings let you fly.
You resist negative energy. (rN+)
You are resistant to electric shocks. (rElec)
You are resistant to unholy torment.
You are immune to petrification.
Your mind is acute. (Int +4, Str/Dex -1)
Your spells are a little harder to cast, but a little more powerful.


Message History

An Orb Guardian comes into view.
The Orb Guardian moves out of view.
Casting: Passwall (safe; 1% risk of failure) Unknown command.
Casting: Passwall (safe; 1% risk of failure)
Okay, then.
Casting: Passwall (safe; 1% risk of failure)
Aiming: Passwall (safe; 1% risk of failure)
Press: ? - help, Dir - move target A rock wall.
This square is covered in magical glow.
You begin to meditate on the wall.
You continue meditating on the rock.
Ofraf gestures wildly while chanting.
Ofraf seems to speed up.
You continue meditating on the rock.
The Orb Guardian hits Ofraf!
Ofraf gestures at the Orb Guardian while chanting.
The crystal spear hits the Orb Guardian!!!
The Orb Guardian hits Ofraf but does no damage.
You hear a roar!
You finish merging with the rock.
Casting: Passwall (safe; 1% risk of failure)
Aiming: Passwall (safe; 1% risk of failure)
Press: ? - help, Dir - move target A rock wall.
This square is covered in magical glow.
You begin to meditate on the wall.
You continue meditating on the rock. x2
You finish merging with the rock.
There is a stone staircase leading up here.
You fly upwards.
There is a stone staircase leading down here.
What level of the Dungeon? (default 1, ? - help) Magic restored.
There is a stone staircase leading up here.
You fly upwards.
There is a stone staircase leading down here.
There is a stone staircase leading down here.
There is an open gate here.
There is a staircase leading out of the dungeon here.
You have escaped!

###########
#....#ß.#.#
#.##.#'#..#
#.##..'#.@#
#.##.#'#..#
#.##.#ß.#.#
#.##.######
#.##.# #.##.#
########.##.#
...........>#
########.##.#


There were no monsters in sight!

Vanquished Creatures
  4 dread liches
  6 orbs of fire (Zot:5)
  2 ancient liches (Zot:5)
  Xtahua (Vaults:3)
  Saint Roka (Snake:2)
  3 Killer Klowns (Zot:5)
  Bai Suzhen (Depths:1)
  Boris (Vaults:5)
  7 caustic shrikes
  Margery (Vaults:5)
  A curse toe (Zot:3)
  8 golden dragons
  A bone dragon (Depths:4)
  2 electric golems (Zot:5)
  The ghost of tish the Slayer, an adept DjFE of Jiyva (Vaults:3)
  A doom hound (Crypt:3)
  13 tentacled monstrosities
  Jorgrun (Shoals:3)
  17 Orb Guardians
  A walking earthen tome (Depths:2)
  A titan (Vaults:5)
  A walking crystal tome (Depths:2)
  7 liches
  2 deep elf master archers (Elf:3)
  3 deep elf blademasters
  A quicksilver dragon (Depths:4)
  Asterion (Elf:2)
  A death cob (Zot:2)
  A searing wretch (Vaults:4)
  Polyphemus (Shoals:3)
  4 sphinxes
  3 ancient champions
  4 shadow dragons
  13 tengu reavers
  14 storm dragons
  3 protean progenitors (Zot:3)
  12 fire giants
  5 nagarajas (Snake:4)
  Aizul (Elf:3)
  A revenant (Crypt:2)
  2 draconian knights
  A daeva (Zot:1)
  4 draconian monks
  18 vault wardens
  10 frost giants
  2 iron dragons (Vaults:5)
  5 draconian scorchers
  A caustic shrike zombie (Depths:2)
  A balrug (Crypt:3)
  5 deep elf sorcerers
  A juggernaut zombie (Depths:2)
  2 draconian shifters
  5 deep elf elementalists (Elf:3)
  2 ghouls
  6 draconian annihilators
  The ghost of Zeekk the Nimble, a journeyman DjAl of Ashenzari (D:14)
  A reaper (Crypt:2)
  A juggernaut skeleton (Crypt:3)
  2 spriggan defenders (Depths:3)
  2 formless jellyfish (Vaults:3)
  11 very ugly things
  3 orc warlords
  15 ironbound preservers
  2 draconian stormcallers
  18 stone giants
  2 ironbound thunderhulks (Vaults:3)
  2 vampire knights
  3 dire elephants
  7 deep elf annihilators
  7 green draconians
  8 black draconians
  6 deep elf death magi
  A putrid mouth (Crypt:3)
  5 yellow draconians
  5 purple draconians
  5 deep elf demonologists
  4 war gargoyles
  9 spark wasps
  Azrael (D:13)
  A white draconian (Zot:5)
  7 red draconians
  5 merfolk impalers
  4 eidola
  11 fire dragons
  2 spectral krakens (Shoals:2)
  10 ettins
  4 merfolk javelineers (Shoals:4)
  5 deep elf high priests
  A quicksilver dragon zombie (Crypt:3)
  5 jiangshi
  5 great orbs of eyes
  13 yaktaur captains
  A peacekeeper (Vaults:3)
  5 rakshasas
  4 hydras
  38 vault guards
  7 ice dragons
  5 spriggan air magi
  6 anacondas
  2 ogre magi (Vaults:5)
  2 ghost crabs (Shoals:2)
  6 ironbound frosthearts
  5 centaur warriors
  4 boulder beetles
  A caustic shrike simulacrum (Depths:2)
  A salamander tyrant (Snake:4)
  2 spriggan skeletons (Crypt:3)
  7 deep troll shamans
  A juggernaut simulacrum (Depths:2)
  19 dancing weapons
  A hell beast (Depths:3)
  7 merfolk aquamancers
  A sphinx skeleton (D:15)
  2 satyrs (Shoals:2)
  14 tengu warriors
  13 death yaks
  3 hell hogs
  2 two-headed ogres
  2 orc high priests (Orc:2)
  8 naga warriors
  12 deep troll earth magi
  An occultist (Depths:2)
  A titan zombie (Crypt:3)
  A shock serpent (shapeshifter) (Vaults:5)
  8 shock serpents
  19 deep elf knights
  2 spriggan berserkers
  A storm dragon zombie (D:15)
  5 vampire magi
  12 naga sharpshooters
  6 spriggans (Depths:3)
  A shadow wraith (Crypt:3)
  4 skysharks
  15 hell knights
  A soul eater (Depths:2)
  4 iron trolls
  2 sea snakes
  A salamander mystic (Snake:4)
  3 bog bodies
  A golden dragon zombie (Depths:2)
  48 deep trolls
  13 mana vipers
  10 flayed ghosts
  A sea snake (shapeshifter) (Depths:2)
  A mana viper (shapeshifter) (Depths:3)
  A quicksilver dragon simulacrum (Depths:3)
  3 arcanists
  22 skeletal warriors
  A swamp dragon (Vaults:2)
  An orange crystal statue (IceCv)
  9 lindwurms
  7 naga ritualists
  7 glowing orange brains
  3 spriggan simulacra (IceCv)
  7 orc knights
  19 phantasmal warriors
  15 ironbound convokers
  9 deep elf archers
  A shadow dragon skeleton (Depths:2)
  An obsidian statue (IceCv)
  9 necromancers
  23 harpies
  4 orc sorcerers
  19 deep elf pyromancers
  5 fauns
  A stone giant zombie (Crypt:3)
  A sphinx simulacrum (Depths:2)
  20 deep elf zephyrmancers
  A faun (shapeshifter) (Vaults:5)
  A manticore (Shoals:4)
  3 cyclopes
  A manticore (shapeshifter) (Vaults:5)
  3 kobold blastminers (Orc:2)
  An alligator skeleton (Crypt:3)
  A meliai (shapeshifter) (D:15)
  6 salamanders
  A goliath frog skeleton (Crypt:2)
  24 ugly things
  11 moths of wrath
  2 elephants
  2 molten gargoyles (Lair:5)
  28 black mambas
  A stone giant skeleton (Crypt:2)
  6 guardian serpents
  7 naga magi
  17 vault sentinels
  A merfolk siren (Shoals:2)
  10 water nymphs
  An ice statue (D:7)
  An orange demon (Lair:3)
  A titan simulacrum (Depths:2)
  A gargoyle (Crypt:3)
  A cane toad (shapeshifter) (Elf:2)
  5 smoke demons
  8 cane toads
  A pale draconian zombie (Crypt:1)
  2 centaur skeletons (Crypt:2)
  Jeremiah (D:8)
  2 rime drakes
  A spark wasp simulacrum (Depths:2)
  3 guardian mummies (Crypt:1)
  4 komodo dragons
  13 freezing wraiths
  41 yaktaurs
  3 tormentors
  24 merfolk
  5 trolls
  A minotaur skeleton (Crypt:2)
  A harpy zombie (Crypt:3)
  3 spectral merfolk (Shoals:2)
  2 golden dragon simulacra
  7 hornets (Depths:3)
  A tarantella (shapeshifter) (Vaults:5)
  5 wind drakes (Shoals:4)
  2 spectral manticores (Shoals:2)
  10 dream sheep
  4 blink frogs
  2 glass eyes
  5 air elementals
  A stone giant simulacrum (Depths:2)
  A snapping turtle (shapeshifter) (Vaults:5)
  4 vampires
  A centaur simulacrum (D:14)
  7 snapping turtles
  5 shadows
  27 slime creatures
  16 yaks
  A dire elephant simulacrum (IceCv)
  3 wraiths
  6 humans (D:14)
  6 wyverns
  6 fire elementals
  2 basilisks
  A golden eye (shapeshifter) (Elf:3)
  14 water elementals
  3 steam dragons (Lair:5)
  2 death yak simulacra (D:15)
  4 vampire mosquitoes (D:11)
  A chaos spawn (D:13)
  6 wargs
  3 minotaur simulacra (IceCv)
  A faun zombie (Crypt:1)
  33 nagas
  An acid dragon (D:12)
  A demonspawn skeleton (Crypt:1)
  4 water moccasins
  6 hell hounds
  2 hydra simulacra (D:15)
  A faun skeleton (Crypt:2)
  13 laughing skulls
  36 orc warriors
  2 black bears
  An ettin simulacrum (IceCv)
  10 centaurs
  A swamp dragon zombie (Crypt:2)
  12 ogres
  A phantom (D:5)
  A kobold brigand (D:5)
  A weeping skull (D:5)
  2 necrophages (Crypt:1)
  A gnoll sergeant (D:10)
  5 bullfrogs
  2 scorpions
  An earth elemental (Elf:2)
  A warg skeleton (Crypt:2)
  5 wights
  3 deep troll simulacra (IceCv)
  A wyvern skeleton (Crypt:2)
  An elephant simulacrum (D:15)
  4 killer bees (D:9)
  4 electric eels
  2 howler monkeys
  4 jellies
  5 lava snakes (Lair:5)
  25 orc priests
  6 iguanas
  17 orc wizards
  6 hell rats
  3 mummies (Crypt:1)
  7 gnolls
  2 river rats (Lair:2)
  8 adders
  A shadow imp (D:6)
  A ribbon worm zombie (Crypt:2)
  3 white imps
  3 ufetubi
  A lava snake zombie (Crypt:1)
  82 orcs
  6 endoplasms
  A giant cockroach (D:4)
  5 goblins
  2 hobgoblins (D:1)
  2 quokkas
  3 ball pythons
  7 bats
  3 frilled lizards
  12 kobolds
  11 rats
  A spectral weapon (Elf:2)
  3 tentacles (Shoals:2)
1738 creatures vanquished.

Vanquished Creatures (collateral kills)
  2 ancient liches
  3 orbs of fire
  Mennas (Depths:4)
  Josephina (Depths:2)
  Sojobo (Vaults:3)
  A Killer Klown (Zot:5)
  3 caustic shrikes
  A golden dragon (Zot:1)
  Jory (Vaults:3)
  A bone dragon (Depths:3)
  2 doom hounds (Crypt:3)
  3 tentacled monstrosities
  Rupert (Snake:1)
  4 liches
  A walking earthen tome (Depths:3)
  3 sphinxes
  A walking divine tome (Depths:2)
  9 Orb Guardians (Zot:5)
  Grunn (Crypt:3)
  An ancient champion (Vaults:2)
  Roxanne (D:15)
  3 storm dragons
  3 tengu reavers (Vaults:5)
  3 shadow dragons
  A protean progenitor (Zot:3)
  6 vault wardens
  3 nagarajas (Snake:4)
  A balrug (Crypt:3)
  A fire giant (Depths:2)
  A deep elf sorcerer (Vaults:2)
  A draconian monk (Zot:5)
  A deep elf elementalist (Elf:3)
  3 frost giants
  A curse skull (Crypt:3)
  3 ghost moths
  A draconian shifter (Zot:5)
  2 draconian stormcallers
  A juggernaut zombie (Crypt:3)
  An iron dragon (Vaults:5)
  A ghoul (Crypt:2)
  A draconian annihilator (Zot:3)
  6 ironbound preservers
  A spriggan defender (Depths:2)
  4 very ugly things
  6 stone giants
  2 deep elf death magi (Elf:3)
  5 green draconians
  3 ironbound thunderhulks
  Nessos (Lair:3)
  2 yellow draconians
  3 black draconians
  2 purple draconians
  4 vampire knights
  A deep elf demonologist (Elf:3)
  2 dire elephants
  A deep elf annihilator (Elf:3)
  A war gargoyle (Crypt:3)
  A red draconian (Depths:4)
  2 spark wasps
  An acid blob zombie (Crypt:1)
  An eidolon (Crypt:2)
  4 ettins
  2 merfolk javelineers
  An entropy weaver (Vaults:2)
  2 deep elf high priests
  3 merfolk impalers
  A mummy priest (Crypt:3)
  4 fire dragons
  5 yaktaur captains
  4 jiangshi
  A hydra (Lair:5)
  A great orb of eyes (Vaults:3)
  A hell beast (Depths:1)
  3 ice dragons
  A caustic shrike simulacrum (IceCv)
  6 vault guards
  A catoblepas (Shoals:3)
  2 merfolk avatars
  2 ogre magi
  2 ironbound frosthearts
  A merfolk aquamancer (Shoals:3)
  2 deep troll shamans
  10 dancing weapons
  A salamander tyrant (Snake:4)
  2 two-headed ogres
  7 anacondas
  5 boulder beetles
  3 deep troll earth magi
  2 death yaks
  5 naga warriors
  3 naga sharpshooters
  2 tengu warriors
  A vampire mage (Depths:4)
  2 orc high priests (Orc:2)
  2 spriggan berserkers
  A shock serpent (shapeshifter) (Vaults:5)
  A soul eater (Crypt:2)
  7 hell knights
  A storm dragon zombie (Depths:2)
  7 deep elf knights
  5 shock serpents
  5 skeletal warriors
  Amaemon (Lair:3)
  2 glowing orange brains
  A skyshark (Lair:2)
  A golden dragon zombie (Depths:2)
  2 arcanists (Vaults:3)
  Lodul (D:13)
  2 mana vipers
  3 flayed ghosts
  3 lindwurms
  11 deep trolls
  4 deep elf archers
  6 ironbound convokers
  A shadow demon (Depths:2)
  A bunyip zombie (Crypt:3)
  2 naga ritualists
  A bog body (Crypt:1)
  3 phantasmal warriors
  A wolf spider (D:15)
  8 harpies
  2 orc knights
  3 necromancers
  12 deep elf pyromancers
  8 deep elf zephyrmancers
  4 fauns (Shoals:2)
  2 orc sorcerers
  7 ugly things
  4 manticores
  8 salamanders
  3 cyclopes
  2 elephants (Lair:4)
  A moth of wrath (Zot:2)
  A merfolk siren (Shoals:2)
  2 fire giant skeletons (Depths:2)
  3 vault sentinels
  15 black mambas
  3 smoke demons
  4 guardian serpents (Snake:4)
  2 cane toads
  9 naga magi
  4 water nymphs
  5 gargoyles
  2 rime drakes
  4 freezing wraiths
  An unseen horror (shapeshifter) (D:15)
  A swamp worm zombie (Crypt:2)
  3 komodo dragons
  4 yaktaurs
  3 tengu conjurers
  A death yak skeleton (Crypt:1)
  A tormentor (Depths:2)
  3 ice devils
  A polar bear (Lair:5)
  A guardian mummy (Crypt:1)
  3 trolls
  8 merfolk
  5 wind drakes (Shoals:4)
  2 hornets (Depths:3)
  A satyr zombie (Crypt:1)
  10 dream sheep
  4 blink frogs (Lair:2)
  A glass eye (Vaults:2)
  11 slime creatures
  A jumping spider (Vaults:2)
  A vampire (Crypt:3)
  2 shadows (Crypt:3)
  5 air elementals
  3 spriggans (Depths:3)
  10 water elementals
  3 wraiths
  6 wyverns
  14 yaks
  10 fire elementals
  A human (D:14)
  4 basilisks
  A warg (Orc:2)
  2 steam dragons
  A minotaur simulacrum (IceCv)
  4 vampire mosquitoes
  A redback (Vaults:2)
  10 nagas
  2 death yak simulacra (D:15)
  2 hell hounds
  3 water moccasins
  An ice beast (D:7)
  A black bear (shapeshifter) (Elf:1)
  A naga skeleton (Crypt:2)
  7 laughing skulls
  A black bear (Lair:1)
  24 orc warriors
  2 sky beasts
  9 ogres
  A centaur (D:14)
  A phantom (D:5)
  2 kobold brigands
  2 bullfrogs
  A salamander zombie (Crypt:2)
  A necrophage (Crypt:1)
  A gnoll sergeant (D:8)
  A naga simulacrum (Crypt:2)
  2 wights
  A water moccasin skeleton (Crypt:2)
  4 elephant simulacra (D:15)
  A killer bee (D:9)
  An electric eel (Lair:3)
  A howler monkey (D:10)
  A jelly (Lair:5)
  3 hounds
  12 orc priests
  A human skeleton (Crypt:1)
  A human zombie (Crypt:1)
  An iguana (D:6)
  9 orc wizards
  2 hell rats (Lair:4)
  A mummy (Crypt:1)
  5 gnolls
  A howler monkey skeleton (Crypt:2)
  3 adders
  A shadow imp (D:7)
  An ufetubus (D:6)
  38 orcs
  3 kobolds
  2 rats (D:5)
  A spectral orc (D:5)
  An aspiring flesh (Zot:3)
  A tentacle (Shoals:2)
718 creatures vanquished.

Vanquished Creatures (others)
  A spriggan defender (Depths:2)
  A draconian annihilator (Zot:2)
  A yellow draconian (Zot:5)
  A spriggan air mage (Depths:2)
  2 deep elf zephyrmancers (Elf:2)
  A harpy (Shoals:2)
  A moth of wrath (Zot:2)
  A titan simulacrum (Depths:2)
  A guardian serpent (Snake:4)
  A merfolk (Shoals:2)
  A wind drake (Shoals:4)
  A blink frog (Lair:3)
  A warg (Snake:2)
  A human (D:14)
  A basilisk (Lair:5)
  62 battlemagi
  An endoplasm (D:2)
  4 foxfires (Vaults:3)
  7 tentacles (Shoals:2)
90 creatures vanquished.

Grand Total: 2546 creatures vanquished

Notes
Turn   | Place    | Note
-------+----------+-------------------------------------------
     0 | D:1      | momomo the Gargoyle Monk began the quest for the Orb.
     0 | D:1      | Reached XP level 1. HP: 14/14 MP: 1/1
    66 | D:1      | Reached XP level 2. HP: 16/19 MP: 2/2
   376 | D:1      | Reached XP level 3. HP: 24/24 MP: 3/3
   811 | D:2      | Identified the +1 leather armour "Collu" {rN++}
  1166 | D:2      | Found a shadowy altar of Dithmenos.
  1660 | D:3      | Found a bloodstained altar of Trog.
  1677 | D:3      | Reached skill level 4 in Fighting
  1776 | D:3      | Reached XP level 4. HP: 29/29 MP: 4/4
  1874 | D:3      | Reached skill level 1 in Evocations
  1882 | D:3      | Reached XP level 5. HP: 27/34 MP: 5/5
  2163 | D:3      | Found a faded altar of an unknown god.
  2167 | D:3      | Found a hide-covered altar of Uskayaw.
  2214 | D:3      | Found a broken altar of Ashenzari.
  2218 | D:3      | Saw a vision of the Shoals and the Snake Pit.
  2218 | D:3      | Noticed a merfolk
  2218 | D:3      | Noticed a shock serpent
  2218 | D:3      | Noticed a sea snake
  2218 | D:3      | Noticed a sea snake
  2218 | D:3      | Noticed a merfolk
  2218 | D:3      | Noticed a naga
  2218 | D:3      | Noticed a harpy
  2218 | D:3      | Noticed a naga mage
  2218 | D:3      | Noticed a skyshark
  2218 | D:3      | Noticed a merfolk impaler
  2218 | D:3      | Noticed a manticore
  2218 | D:3      | Noticed a wind drake
  2218 | D:3      | Noticed a sea snake
  2218 | D:3      | Noticed a naga sharpshooter
  2219 | D:3      | Noticed a naga warrior
  2219 | D:3      | Noticed a merfolk
  2219 | D:3      | Noticed a naga
  2277 | D:3      | Learned a level 1 spell: Summon Small Mammal
  2285 | D:4      | Found a snail-covered altar of Cheibriados.
  2324 | D:4      | Noticed a water moccasin
  2340 | D:4      | Killed a water moccasin
  2341 | D:4      | Reached skill level 1 in Armour
  2341 | D:4      | Reached XP level 6. HP: 20/39 MP: 6/6
  2456 | D:4      | Reached skill level 1 in Throwing
  3046 | D:4      | Reached skill level 5 in Axes
  3248 | D:5      | Entered Level 5 of the Dungeon
  3346 | D:5      | Reached XP level 7. HP: 37/44 MP: 7/7
  3409 | D:4      | Reached skill level 5 in Fighting
  3494 | D:5      | Reached skill level 1 in Stealth
  3529 | D:5      | Found a staircase to the Ecumenical Temple.
  3539 | Temple   | Entered the Ecumenical Temple
  3550 | Temple   | Became a worshipper of Hepliaklqana the Forgotten
  3550 | Temple   | Reached * piety under Hepliaklqana
  3550 | Temple   | Reached ** piety under Hepliaklqana
  3561 | Temple   | Remembered your ancestor Ofraf as a battlemage
  3717 | D:5      | Found an iron altar of Okawaru.
  3878 | D:5      | Reached XP level 8. HP: 40/45 MP: 8/8
  3996 | D:5      | Found a basalt altar of Yredelemnul.
  4006 | D:5      | Reached skill level 6 in Fighting
  4537 | D:5      | Identified a scroll of acquirement
  4538 | D:5      | Acquired the amulet of Myah Sog {Reflect Rampage rN+ Regen+
                  | SH+5}
  5133 | D:7      | Reached skill level 7 in Fighting
  5133 | D:7      | Reached XP level 9. HP: 51/51 MP: 9/9
  5321 | D:7      | Reached *** piety under Hepliaklqana
  5479 | D:7      | Noticed an ice statue
  5685 | D:8      | Reached skill level 8 in Fighting
  5693 | D:8      | Reached skill level 1 in Shields
  5729 | D:8      | Noticed a lindwurm
  5729 | D:8      | Noticed a lindwurm
  6189 | D:8      | Reached **** piety under Hepliaklqana
  6230 | D:8      | Reached XP level 10. HP: 50/57 MP: 10/10
  6230 | D:8      | Noticed Jeremiah
  6237 | D:8      | Killed Jeremiah
  6292 | D:8      | Found Daniel's Dragon-Slaying Spoils.
  6722 | D:9      | Found a staircase to the Orcish Mines.
  6740 | D:9      | Reached skill level 10 in Axes
  6804 | D:9      | Found a radiant altar of Vehumet.
  6886 | D:9      | Noticed a gargoyle
  6891 | D:9      | Killed a gargoyle
  6919 | D:9      | Found a sacrificial altar of Ru.
  7077 | D:9      | Found an ornate altar of the Wu Jian Council.
  7539 | D:10     | Entered Level 10 of the Dungeon
  7558 | D:10     | Found a staircase to the Lair.
  7582 | D:10     | Identified the +5 ring mail "Jaqig" {^Drain Str+3 Int+9}
  7684 | D:10     | Reached skill level 5 in Evocations
  7695 | D:10     | Reached skill level 1 in Invocations
  7696 | D:10     | Noticed a two-headed ogre
  7750 | D:10     | Killed a two-headed ogre
  7751 | D:10     | Reached skill level 5 in Shields
  7774 | D:10     | Noticed a gargoyle
  7783 | D:10     | Killed a gargoyle
  7784 | D:10     | Reached XP level 11. HP: 60/62 MP: 12/12
  8224 | D:11     | Noticed a two-headed ogre
  8229 | D:11     | Killed a two-headed ogre
  8230 | D:11     | Reached skill level 9 in Fighting
  8461 | D:11     | Reached ***** piety under Hepliaklqana
  8578 | D:11     | Noticed a cyclops
  8582 | D:11     | Killed a cyclops
  8938 | D:12     | Noticed a boulder beetle
  8970 | D:12     | Killed a boulder beetle
  9257 | D:12     | Noticed a deep elf pyromancer
  9262 | D:12     | Killed a deep elf pyromancer
  9345 | D:12     | Noticed a cyan ugly thing
  9349 | D:12     | Killed a cyan ugly thing
  9350 | D:12     | Reached skill level 5 in Invocations
  9636 | Lair:1   | Entered Level 1 of the Lair of Beasts
  9768 | Lair:1   | Reached XP level 12. HP: 61/69 MP: 15/15
 10307 | Lair:2   | Found a staircase to the Snake Pit.
 10314 | Lair:2   | Reached skill level 10 in Fighting
 10424 | Lair:2   | Noticed a skyshark
 10431 | Lair:2   | Killed a skyshark
 10482 | Lair:2   | You fall into a shaft and drop 2 floors!
 10667 | Lair:4   | Reached skill level 5 in Armour
 10706 | Lair:4   | Noticed a six-headed hydra
 10714 | Lair:4   | Killed a six-headed hydra
 10879 | Lair:4   | Reached ****** piety under Hepliaklqana
 11248 | Lair:3   | Noticed a death yak
 11248 | Lair:3   | Noticed a death yak
 11248 | Lair:3   | Noticed a death yak
 11249 | Lair:3   | Noticed a death yak
 11327 | Lair:3   | Found a dark tunnel.
 11335 | Volcano  | Entered a volcano
 11383 | Volcano  | Reached XP level 13. HP: 73/75 MP: 11/16
 11395 | Volcano  | Reached skill level 11 in Fighting
 11700 | Lair:3   | Noticed Nessos
 11720 | Lair:3   | Killed Nessos
 11823 | Lair:3   | Noticed Amaemon
 11835 | Lair:3   | Reached skill level 10 in Shields
 11955 | Lair:3   | Reached skill level 12 in Fighting
 12264 | Lair:3   | Killed Amaemon
 12416 | Lair:3   | Found a staircase to the Shoals.
 12717 | Lair:2   | Reached skill level 15 in Axes
 12741 | Lair:2   | Gained mutation: Your large and strong wings let you fly.
                  | [Gargoyle growth]
 12741 | Lair:2   | Reached XP level 14. HP: 70/82 MP: 17/17
 13774 | Lair:5   | Entered Level 5 of the Lair of Beasts
 13953 | Lair:5   | Found a staircase to the Slime Pits.
 14359 | Lair:5   | Reached skill level 13 in Fighting
 14427 | Lair:5   | Found a large runed translucent door.
 14429 | Lair:5   | Found a large runed translucent door.
 15112 | D:8      | Identified the staff of Youthful Indiscretion {rN+ Summ
                  | Necro}
 15462 | D:13     | Noticed Lodul
 15474 | D:13     | Killed Lodul
 16868 | D:13     | Noticed Azrael
 16878 | D:13     | Reached XP level 15. HP: 85/90 MP: 14/18
 16881 | D:13     | Killed Azrael
 17111 | D:13     | Reached skill level 14 in Fighting
 17527 | D:14     | Noticed a frost giant
 17556 | D:14     | Killed a frost giant
 18097 | D:14     | Found a runed translucent door.
 18098 | D:14     | Found a shimmering altar of Xom.
 18098 | D:14     | Noticed Zeekk's ghost (journeyman DjAl)
 18286 | D:14     | Found a gate to the Vaults.
 18466 | D:15     | Entered Level 15 of the Dungeon
 18486 | D:15     | Noticed Roxanne
 18820 | D:15     | Found a staircase to the Depths.
 18836 | D:15     | Reached skill level 15 in Fighting
 19159 | D:15     | Found Dafrow's Assorted Antiques.
 19167 | D:15     | Bought a scroll of teleportation for 120 gold pieces
 19728 | Orc:1    | Entered Level 1 of the Orcish Mines
 20161 | Orc:1    | Found Raenek's Antique Armour Emporium.
 20166 | Orc:1    | Reached XP level 16. HP: 97/97 MP: 19/19
 20234 | Orc:2    | Entered Level 2 of the Orcish Mines
 20307 | Orc:2    | Reached skill level 5 in Dodging
 20490 | Orc:2    | Identified the +0 robe of the Unseen Realm {Str+6 Int+3}
 20671 | Orc:2    | Found a staircase to the Elven Halls.
 20736 | Orc:2    | Identified the +5 battleaxe "Oploufum" {chaos, rN+ Stlth+}
 20987 | Orc:2    | Found Hacros's Armour Emporium.
 21047 | Orc:2    | Found a roughly hewn altar of Beogh.
 21062 | Orc:2    | Found Iliplitifu's Jewellery Shoppe.
 21220 | Orc:2    | Reached skill level 16 in Fighting
 21247 | Orc:2    | Found a roughly hewn altar of Beogh.
 21356 | Orc:2    | Found Rorchowne's Armour Emporium.
 21375 | Orc:2    | Bought the +3 pair of gauntlets of War {Slay+5} for 522
                  | gold pieces
 21375 | Orc:2    | Found the +3 pair of gauntlets of War {Slay+5}
 21392 | Orc:2    | Found Umouca Loil's Antique Armour Shoppe.
 21836 | D:8      | Bought +0 gold dragon scales for 1200 gold pieces
 21938 | Orc:1    | Bought a jewelled chain mail for 294 gold pieces
 21938 | Orc:1    | Identified the +8 chain mail "Meunilistra" {rF+ Str-5
                  | Dex+5} (You bought it in a shop on level 1 of the Orcish
                  | Mines)
 22054 | D:7      | Identified the +0 chain mail "Sesag Wazo" {rElec}
 22059 | D:7      | Identified the +4 morningstar "Hydrabane" {venom, rC+ Str+2
                  | Dex-4}
 22464 | Snake:1  | Entered Level 1 of the Snake Pit
 22558 | Snake:1  | Noticed Rupert
 22566 | Snake:1  | Paralysed by Rupert for 2 turns
 22567 | Snake:1  | Killed Rupert
 22865 | Snake:1  | Found Soddufin's Antique Armour Boutique.
 23605 | Snake:2  | Reached skill level 10 in Armour
 23606 | Snake:2  | Reached skill level 17 in Fighting
 23621 | Snake:2  | Reached XP level 17. HP: 58/105 MP: 20/20
 23674 | Snake:2  | Noticed Saint Roka
 23682 | Snake:2  | Killed Saint Roka
 23988 | Snake:2  | Found Cuewkuan's Jewellery Shoppe.
 24003 | Snake:2  | Found Olerevyll's Book Boutique.
 24004 | Snake:2  | Found Lad Fisch's Jewellery Shoppe.
 24673 | Snake:3  | Found a glacial archway.
 24704 | Snake:3  | Reached skill level 18 in Fighting
 24775 | IceCv    | Entered an ice cave
 25043 | IceCv    | Identified the +2 helmet of the Kettle-Drum {Will+}
 25192 | IceCv    | Noticed an Ice Fiend
 25295 | Snake:3  | Identified the +3 ring mail of the Barracuda {+Inv Fly
                  | rElec rC-}
 25700 | Snake:4  | Entered Level 4 of the Snake Pit
 26184 | Snake:4  | Reached XP level 18. HP: 87/114 MP: 7/21
 26193 | Snake:4  | Reached skill level 19 in Fighting
 26863 | Snake:4  | Found an iron altar of Okawaru.
 27183 | Snake:4  | Got a serpentine rune of Zot
 27339 | Shoals:1 | Entered Level 1 of the Shoals
 27359 | Shoals:1 | Reached skill level 20 in Fighting
 28274 | Shoals:2 | Identified the +15 plate armour of Purpose {Harm Rampage
                  | Int+3}
 28362 | Shoals:2 | Reached XP level 19. HP: 110/122 MP: 22/22
 28856 | Shoals:3 | Found Eskiohon's Antique Armour Shop.
 28864 | Shoals:3 | Reached skill level 21 in Fighting
 28909 | Shoals:3 | Bought a smoking cloak for 380 gold pieces
 28909 | Shoals:3 | Identified the +0 cloak "Zuruw" {*Slow rC+++ rCorr Slay+6}
                  | (You bought it in a shop on level 3 of the Shoals)
 29041 | Shoals:3 | Noticed Polyphemus
 29057 | Shoals:3 | Killed Polyphemus
 29149 | Shoals:3 | Noticed Jorgrun
 29159 | Shoals:3 | Killed Jorgrun
 29211 | Shoals:4 | Entered Level 4 of the Shoals
 29286 | Shoals:4 | Paralysed by an air elemental for 1 turns
 29490 | Shoals:4 | Identified the staff of Forgiveness {rPois Str+2 Alchemy}
 29491 | Shoals:4 | Identified the staff "Caatea" {Str+3 Conj}
 29515 | Shoals:4 | Identified the +6 executioner's axe "Heudda" {vamp, Dex+3}
 29526 | Shoals:4 | Got a barnacled rune of Zot
 29639 | Shoals:4 | Paralysed by an air elemental for 1 turns
 29741 | Shoals:4 | Paralysed by an air elemental for 1 turns
 29760 | Shoals:4 | Paralysed by an air elemental for 1 turns
 30294 | Elf:1    | Entered Level 1 of the Elven Halls
 30318 | Elf:1    | Reached skill level 22 in Fighting
 30454 | Elf:1    | Found a magical portal.
 30461 | WizLab   | Entered Doroklohe's Tomb
 30599 | Elf:1    | Identified the +4 falchion of Accidental Termination
                  | {antimagic, rN+}
 30645 | Elf:1    | Paralysed by an air elemental for 1 turns
 30754 | Elf:1    | Reached XP level 20. HP: 129/130 MP: 23/23
 30822 | Elf:1    | Identified the amulet of the Kangaroo {RegenMP *Corrode rF+
                  | Int+3 Dex+3}
 31187 | Elf:2    | Found Ludokume's Antique Armour Shop.
 31211 | Elf:2    | Found Qitoawk's Armour Shop.
 31314 | Elf:2    | Found a runed translucent gate.
 31315 | Elf:2    | Found a runed translucent gate.
 31337 | Elf:2    | Reached skill level 15 in Armour
 31434 | Elf:2    | Found a runed translucent gate.
 31462 | Elf:2    | Found Ridoizuity's General Store.
 31465 | Elf:2    | Identified the +7 trident of Xuiskeib {flame, rF+}
 31486 | Elf:2    | Paralysed by an air elemental for 1 turns
 31559 | Elf:2    | Found Walui's Antique Weapon Shoppe.
 31842 | Elf:3    | Entered Level 3 of the Elven Halls
 31861 | Elf:3    | Identified the serpent talisman of the Gravedigger {rN++
                  | rCorr Dex-2 SInv}
 31861 | Elf:3    | Noticed Aizul
 31868 | Elf:3    | Killed Aizul
 31989 | Elf:3    | Identified the ring "Umaom" {Wiz Str+2 Dex+2 Slay+3}
 32021 | Elf:3    | Identified the blade talisman of the Wasteland {rC+ Int+3}
 32593 | Elf:3    | Reached skill level 23 in Fighting
 32959 | Elf:3    | Identified the ring of Bathrio {Str+6 Dex+3}
 33233 | Elf:3    | Identified the +2 leather armour "Puipagele" {Dex+4}
 33233 | Elf:3    | Identified the amulet of Tadoosmao {Acrobat rCorr Dex+3}
 33758 | Elf:3    | Got Yffyor's Book of Isometric Support
 33786 | Elf:3    | Identified the +5 mace "Mausazxeb" {heavy, rF+ Str+3}
 33805 | Elf:3    | Identified the +7 falchion of Truncation {drain, rPois MP+9
                  | Int+2 Stlth-}
 33893 | Elf:3    | Got the Grimoire of Linear Kinetic Energy
 34113 | Elf:3    | Paralysed by an air elemental for 1 turns
 34116 | Elf:3    | Paralysed by an air elemental for 1 turns
 34549 | Vaults:1 | Entered Level 1 of the Vaults
 34565 | Vaults:1 | Identified the +1 ring mail of Nihilism {Str-5 Int+6}
 34776 | Vaults:1 | Reached XP level 21. HP: 137/137 MP: 24/24
 36173 | Vaults:2 | Identified the +1 scale mail of the Verdant God {Str+2}
 36247 | Vaults:2 | Identified the +10 flail "Dragonslayer" {heavy, rN+}
 36349 | Vaults:2 | Identified the staff "Reca" {rPois Dex+3 Alchemy}
 36565 | Vaults:2 | Found Ticuloli's General Store.
 36570 | Vaults:2 | Bought a scroll of enchant weapon for 127 gold pieces
 36570 | Vaults:2 | Bought a potion of curing for 51 gold pieces
 36570 | Vaults:2 | Bought a potion of magic for 136 gold pieces
 36570 | Vaults:2 | Bought a potion of curing for 51 gold pieces
 36688 | Vaults:2 | Found a staircase to the Crypt.
 37008 | Vaults:3 | Noticed tish's ghost (adept DjFE)
 37009 | Vaults:3 | Found a transporter.
 37026 | Vaults:3 | Found a transporter.
 37036 | Vaults:3 | Acquired a +2 broad axe of electrocution
 37073 | Vaults:3 | Noticed Jory
 37083 | Vaults:3 | Killed Jory
 37084 | Vaults:3 | Reached skill level 24 in Fighting
 37153 | Vaults:3 | Reached skill level 15 in Shields
 37303 | Vaults:3 | Reached XP level 22. HP: 135/144 MP: 25/25
 37377 | Vaults:3 | Noticed Xtahua
 37387 | Vaults:3 | Killed Xtahua
 37772 | Vaults:3 | Noticed Sojobo
 37787 | Vaults:3 | Killed Sojobo
 39157 | Depths:1 | Entered Level 1 of the Depths
 39161 | Depths:1 | Found a one-way gate leading to the halls of Pandemonium.
 39449 | Depths:1 | Found a gateway to Hell.
 39508 | Depths:1 | Found a glowing golden altar of the Shining One.
 39645 | Depths:2 | Noticed Bai Suzhen
 39743 | Depths:1 | Killed Bai Suzhen
 39790 | Depths:2 | Reached XP level 23. HP: 140/151 MP: 28/28
 40318 | Depths:2 | Noticed a golden dragon
 40325 | Depths:2 | Killed a golden dragon
 40357 | Depths:2 | Noticed a golden dragon
 40366 | Depths:2 | Killed a golden dragon
 40741 | Depths:2 | Identified the ring "Tyamyme" {Ice Dex+3}
 40741 | Depths:2 | Noticed Josephina
 40754 | Depths:2 | Killed Josephina
 40755 | Depths:2 | Reached skill level 25 in Fighting
 40955 | Depths:2 | Found a portal to a secret trove of treasure.
 41154 | Depths:3 | Reached skill level 10 in Invocations
 41155 | Depths:3 | Noticed a golden dragon
 41175 | Depths:2 | Killed a golden dragon
 41335 | Depths:3 | Reached XP level 24. HP: 141/158 MP: 30/30
 41677 | Depths:3 | Noticed a caustic shrike
 41677 | Depths:3 | Noticed a caustic shrike
 41677 | Depths:3 | Noticed a caustic shrike
 41679 | Depths:3 | Noticed a caustic shrike
 41683 | Depths:3 | Killed a caustic shrike
 41689 | Depths:3 | Killed a caustic shrike
 41692 | Depths:3 | Killed a caustic shrike
 41694 | Depths:3 | Noticed a caustic shrike
 41696 | Depths:3 | Noticed a caustic shrike
 41696 | Depths:3 | Noticed a caustic shrike
 41697 | Depths:3 | Noticed a caustic shrike
 41702 | Depths:3 | Found a one-way gateway to a ziggurat.
 41778 | Depths:3 | Found a one-way gate to the infinite horrors of the Abyss.
 41804 | Depths:3 | Noticed a caustic shrike
 41805 | Depths:4 | Entered Level 4 of the Depths
 41808 | Depths:4 | Killed a caustic shrike
 41810 | Depths:4 | Reached skill level 5 in Throwing
 42117 | Depths:4 | Killed a caustic shrike
 42123 | Depths:4 | Killed a caustic shrike
 42185 | Depths:3 | Identified the ring "Atuul" {rF++ rC+ Will- Slay+6}
 42277 | Depths:3 | Acquired a manual of Translocations
 42280 | Depths:3 | Found the +8 autumn katana {manifold assault}
 42460 | Depths:3 | Noticed a caustic shrike
 42466 | Depths:3 | Killed a caustic shrike
 42475 | Depths:3 | Killed a caustic shrike
 42476 | Depths:3 | Reached skill level 1 in Spellcasting
 42476 | Depths:3 | Reached skill level 1 in Translocations
 42579 | Depths:3 | Identified the staff of Carec {rPois Dex+8 Alchemy}
 42599 | Depths:3 | Killed a caustic shrike
 42600 | Depths:3 | Killed a caustic shrike
 43091 | Depths:4 | Reached skill level 10 in Dodging
 43095 | Depths:4 | Noticed Mennas
 43114 | Depths:4 | Killed Mennas
 43115 | Depths:4 | Reached XP level 25. HP: 162/162 MP: 30/31
 43372 | Depths:4 | Found a gate to the Realm of Zot.
 44033 | D:14     | Killed Zeekk's ghost
 44387 | Elf:2    | Noticed Asterion
 44400 | Elf:2    | Killed Asterion
 44633 | Elf:2    | Reached skill level 5 in Spellcasting
 44683 | Elf:2    | Reached skill level 5 in Translocations
 44817 | Orc:2    | Bought a +2 pair of boots for 231 gold pieces
 45026 | Snake:1  | Bought an embroidered cloak for 292 gold pieces
 45364 | Elf:2    | Bought a bloodstained plate armour for 868 gold pieces
 45364 | Elf:2    | Identified the +0 plate armour of Lethargy {Str-2 Int+5}
                  | (You bought it in a shop on level 2 of the Elven Halls)
 45638 | Snake:2  | Bought the ring of Shadows {Umbra +Inv Stlth+} for 680 gold
                  | pieces
 45638 | Snake:2  | Found the ring of Shadows {Umbra +Inv Stlth+}
 46050 | D:15     | Killed Roxanne
 46178 | Vaults:3 | Killed tish's ghost
 46257 | Crypt:1  | Entered Level 1 of the Crypt
 47450 | Crypt:2  | Reached skill level 10 in Throwing
 47684 | Crypt:3  | Entered Level 3 of the Crypt
 47715 | Crypt:3  | Noticed Grunn
 47723 | Crypt:3  | Killed Grunn
 47998 | Crypt:3  | Found a staircase to the Tomb.
 48002 | Crypt:3  | Reached XP level 26. HP: 169/169 MP: 32/32
 48177 | Crypt:3  | Found the +9 sword of Zonguldrok {reap}
 48308 | Crypt:3  | Got the Parchment of Trauma
 48706 | Crypt:3  | Found an ancient bone altar of Kikubaaqudgha.
 48734 | Crypt:3  | Identified the +8 orcbow of Hex Cud {freeze, rCorr Str+3
                  | Stlth+}
 48881 | Crypt:3  | Identified the +12 hand axe "Kanogur" {heavy, *Rage rPois
                  | rN+++ Str+3}
 49063 | Crypt:3  | Learned a level 1 spell: Apportation
 49066 | Crypt:3  | Learned a level 2 spell: Lesser Beckoning
 49071 | Crypt:3  | Learned a level 4 spell: Manifold Assault
 49076 | Crypt:3  | Learned a level 4 spell: Vhi's Electric Charge
 49436 | Snake:2  | Bought the Omnibus of the Parabolic Gathering for 800 gold
                  | pieces
 49439 | Snake:2  | Learned a level 2 spell: Blink
 49443 | Snake:2  | Learned a level 3 spell: Gell's Gravitas
 49811 | Vaults:5 | Entered Level 5 of the Vaults
 49861 | Vaults:4 | Reached skill level 10 in Translocations
 50070 | Vaults:5 | Noticed a dread lich
 50097 | Vaults:4 | Killed a dread lich
 50215 | Vaults:5 | Identified the +1 arbalest of the Ten Xenops {speed, rElec
                  | rN+}
 50220 | Vaults:5 | Noticed a dread lich
 50231 | Vaults:5 | Killed a dread lich
 50427 | Vaults:5 | Identified the ring "Bozin" {Fly Str+3 Dex+2}
 50460 | Vaults:5 | Noticed Margery
 50468 | Vaults:5 | Identified the +5 glaive "Demonslayer" {drain, rF- rCorr
                  | Int+3 Dex+7}
 50471 | Vaults:5 | Identified the +2 robe "Vawo" {Int+8}
 50471 | Vaults:5 | Noticed Boris
 50471 | Vaults:5 | Killed Margery
 50486 | Vaults:5 | Reached XP level 27. HP: 129/173 MP: 32/32
 50494 | Vaults:5 | Killed Boris
 50498 | Vaults:5 | Noticed an ancient lich
 50498 | Vaults:5 | Found the +3 Mad Mage's Maulers {Infuse+∞ VampMP -Cast}
 50669 | Vaults:5 | Killed an ancient lich
 50673 | Vaults:5 | Paralysed by a sphinx for 4 turns
 50748 | Vaults:5 | Got the Precepts of Destructive Last Rites
 50839 | Vaults:5 | Identified the staff of the Ageless Tusks {+Blink rPois
                  | rCorr Int+3 Alchemy}
 50864 | Vaults:5 | Identified the +11 long sword of Cofrytyma {flame, Int+6}
 51013 | Vaults:5 | Got a silver rune of Zot
 51273 | Vaults:5 | Reached skill level 15 in Throwing
 51955 | Zot:1    | Entered Level 1 of the Realm of Zot
 51971 | Zot:1    | Reached skill level 1 in Air Magic
 52342 | Snake:2  | Bought a book of the Moon for 640 gold pieces
 52347 | Snake:2  | Learned a level 4 spell: Passage of Golubria
 52351 | Snake:2  | Learned a level 3 spell: Passwall
 52705 | Zot:1    | Reached skill level 1 in Earth Magic
 52742 | Zot:2    | Noticed an orb of fire
 52753 | Zot:1    | Gained mutation: You are dopey. (Int -2) [an orb of fire]
 52754 | Zot:1    | Killed an orb of fire
 52848 | Zot:2    | Noticed an orb of fire
 52991 | Zot:2    | Killed an orb of fire
 52997 | Zot:2    | Reached skill level 5 in Earth Magic
 53180 | Zot:3    | Found a runed translucent door.
 53191 | Zot:3    | Found a shimmering altar of Xom.
 53191 | Zot:3    | Identified the +3 morningstar "Yphujou" {chaos, rC+}
 53192 | Zot:3    | Noticed Doopoh's ghost (master OnFi)
 53472 | Zot:5    | Entered Level 5 of the Realm of Zot
 53563 | Zot:5    | Reached skill level 5 in Air Magic
 53624 | Zot:5    | Reached skill level 10 in Earth Magic
 53686 | Zot:5    | Noticed an orb of fire
 53703 | Zot:5    | Killed an orb of fire
 53726 | Zot:5    | Noticed an orb of fire
 53732 | Zot:5    | Killed an orb of fire
 53739 | Zot:5    | Noticed an ancient lich
 53747 | Zot:5    | Killed an ancient lich
 53876 | Zot:5    | Noticed an orb of fire
 53877 | Zot:5    | Gained mutation: You sometimes lose your temper in combat.
                  | [an orb of fire]
 53886 | Zot:5    | Killed an orb of fire
 54130 | Zot:5    | Noticed an orb of fire
 54144 | Zot:5    | Gained mutation: You are somewhat resistant to further
                  | mutation. [an orb of fire]
 54145 | Zot:5    | Killed an orb of fire
 54147 | Zot:5    | Lost mutation: You sometimes lose your temper in combat.
                  | [potion of mutation]
 54147 | Zot:5    | Lost mutation: You are dopey. (Int -2) [potion of mutation]
 54147 | Zot:5    | Gained mutation: You are occasionally teleported next to
                  | monsters. [potion of mutation]
 54147 | Zot:5    | Gained mutation: Your health recovers twice as slowly from
                  | being drained. [potion of mutation]
 54148 | Zot:5    | Lost mutation: You are occasionally teleported next to
                  | monsters. [potion of mutation]
 54148 | Zot:5    | Lost mutation: You are somewhat resistant to further
                  | mutation. [potion of mutation]
 54148 | Zot:5    | Gained mutation: You have a somewhat thin skeletal
                  | structure. (Dex +2, Stealth+) [potion of mutation]
 54148 | Zot:5    | Gained mutation: You are vulnerable to cold. (rC-) [potion
                  | of mutation]
 54149 | Zot:5    | Lost mutation: You are vulnerable to cold. (rC-) [potion of
                  | mutation]
 54149 | Zot:5    | Lost mutation: You have a somewhat thin skeletal structure.
                  | (Dex +2, Stealth+) [potion of mutation]
 54149 | Zot:5    | Lost mutation: Your health recovers twice as slowly from
                  | being drained. [potion of mutation]
 54149 | Zot:5    | Gained mutation: You have an increased reservoir of magic.
                  | (+10% MP) [potion of mutation]
 54149 | Zot:5    | Gained mutation: Your mind is acute. (Int +4, Str/Dex -1)
                  | [potion of mutation]
 54149 | Zot:5    | Gained mutation: Your spells are a little harder to cast,
                  | but a little more powerful. [potion of mutation]
 54229 | Zot:5    | Noticed an orb of fire
 54236 | Zot:5    | Noticed an orb of fire
 54237 | Zot:5    | Lost mutation: You have an increased reservoir of magic.
                  | (+10% MP) [an orb of fire]
 54238 | Zot:5    | Noticed a dread lich
 54240 | Zot:5    | Noticed an orb of fire
 54262 | Zot:5    | Killed an orb of fire
 54270 | Zot:5    | Paralysed by a dread lich for 3 turns
 54275 | Zot:5    | Noticed a dread lich
 54278 | Zot:5    | Killed a dread lich
 54281 | Zot:5    | Noticed an ancient lich
 54282 | Zot:5    | Noticed an ancient lich
 54292 | Zot:5    | Killed an orb of fire
 54297 | Zot:5    | Killed an orb of fire
 54309 | Zot:5    | Killed an ancient lich
 54329 | Zot:5    | Killed an ancient lich
 54335 | Zot:5    | Killed a dread lich
 54518 | Zot:5    | Reached skill level 10 in Evocations
 55502 | Zot:5    | Learned a level 3 spell: Swiftness
 55509 | Zot:5    | Got the Orb of Zot
 55775 | D:12     | Noticed a seraph
 56037 | D:$      | Escaped with the Orb!

Illustrated notes

Levels and vault maps discovered:
D:1:      saegor_arrival_simple_c, layout_basic, minmay_pentomino_z4
D:2:      layout_loops_ring, basic_altar, lemuel_flame_loot_1
D:3:      layout_basic, trog_three_pillars_becter, grunt_ashenzari_visionary
          [grunt_ashenzari_visionary_shoals, grunt_ashenzari_visionary_snake],
          nicolae_overflow_ecumenical_swirl, minmay_joined_circles
D:4:      layout_cave_pods, mainiacjoe_overflow_surrounded_room, feat_on_display
D:5:      layout_basic, okawaru_gym_becter, yredelemnul_forgotten_temple_becter,
          temple_green, lexackson_kobold_supper
D:6:      layout_rooms
D:7:      lemuel_ice_statue, layout_rooms
D:8:      layout_loops_ring, grunt_decor_one_mirror, nicolae_shop_dragon_depot,
          hangedman_glass_teeth, serial_library_hellmonk_big_corner,
          minmay_misc_feat_five, serial_bayou_lagoon_a, minmay_lindwurm_lava,
          uniq_jeremiah
D:9:      layout_loops_ring, marbit_many_paths, fiery_altar_vehumet,
          mainiacjoe_overflow_chevrons, david_orc_3
D:10:     minmay_spotlight, layout_basic, lair_entry_dummy
D:11:     layout_irregular_city
D:12:     layout_irregular_city, grunt_decor_fettered
D:13:     layout_irregular_city, uniq_azrael, uniq_lodul
D:14:     minmay_coctagon, layout_long_grid, ximxim_vaults_locker_room,
          ebering_ghost_xom, fountainhead
D:15:     gammafunk_depths_entry_grave, layout_loops_corners,
          grunt_decor_arrowhead, serial_shops, shop_fountains, minivault_20,
          eino_house_with_fridge, uniq_roxanne
Temple:   hellmonk_temple_forest_ring
Lair:1:   layout_misc_corridors, gammafunk_lair_bear_cave
Lair:2:   layout_big_grid, nicolae_snake_entry_squirm, pond
Lair:3:   layout_concentric_octagons, nicolae_shoals_entry_flooding,
          enter_volcano_1, cheibrodos_lair_caveside_slide, uniq_amaemon,
          uniq_nessos
Lair:4:   layout_regular_city, infiniplex_staircase_pool
Lair:5:   cheibrodos_lair_end_hotspot, layout_gridlike,
          minmay_slime_entry_pillars
Shoals:1: layout_shoals, nicolae_shoals_nymph_descending_staircase
Shoals:2: layout_shoals, nicolae_shoals_spectral_cove
Shoals:3: layout_shoals, serial_shops, shop, uniq_jorgrun, uniq_polyphemus
Shoals:4: shoals_end_hellmonk_storm_palace [storm_palace_center_square,
          storm_palace_corner_narrow, storm_palace_corner_grid,
          storm_palace_corner_reverse_hut, storm_palace_corner_pillars]
Snake:1:  layout_chambers, serial_shops, shop, uniq_rupert
Snake:2:  layout_misc_corridors, grunt_ministairs_6, minmay_shop_grove,
          uniq_saint_roka
Snake:3:  layout_rooms, portal_ice_cave_entry_pillars_four,
          serial_bayou_crossing
Snake:4:  grunt_snake_rune_serpentine_throne, layout_misc_corridors
Orc:1:    layout_diamond_mine, serial_shops, nicolae_shop_back_alley_shop
Orc:2:    pubby_orc_utopia
Elf:1:    minmay_elf_arrival_plus, layout_geoelf_diagonals, mu_enter_wizlab_4,
          minivault_28, grunt_megastairs_3, lemuel_upstairs_altar
Elf:2:    elven_hall_of_blades_hangedman_original
          [nicolae_vaults_blade_armed_guards], layout_loops_cross, serial_shops,
          nicolae_stop_n_shop_1, shop, shop, shop, uniq_asterion
Elf:3:    elf_hall, layout_gridlike, drop_trap, uniq_aizul
Vaults:1: nicolae_vaults_offset_grid_hallway_1, ontoclasm_vaults_ring_square,
          nicolae_vaults_closet_pinwheel_5, nicolae_vaults_what_the_h,
          nicolae_vaults_double_plus_2, vaults_room_corners,
          grunt_vaults_bifocal, grunt_vaults_twisty,
          nicolae_vaults_tetromino_T_1, vaults_room_pools,
          nicolae_vaults_storage_room_doors, layout_vaults_omnigrid
Vaults:2: nicolae_vaults_network_barrier, ontoclasm_vaults_misaligned,
          minmay_crypt_entry_simple_sparse, vaults_room_fancy_cross,
          st_greater_box_5, ontoclasm_vaults_fault, nicolae_vaults_network_star,
          nicolae_vaults_doubleplus_tesselated, nicolae_vaults_little_squares_5,
          nicolae_vaults_trapezoid_layered, ontoclasm_vaults_misaligned,
          nicolae_vaults_apartment_2, layout_vaults_omnibox, serial_shops,
          nicolae_shop_rolling_square
Vaults:3: gammafunk_ghost_arena, ontoclasm_vaults_chip, st_lattice,
          nicolae_vaults_shelves_hall, nicolae_vaults_cochlea,
          hangedman_vaults_stretched_pinwheel, v_misc_5,
          nicolae_vaults_rhombus_6, v_alt_pattern_1,
          nicolae_vaults_door_testing_chamber, layout_vaults_maze_snakey,
          uniq_jory, uniq_xtahua, uniq_sojobo
Vaults:4: nicolae_vaults_meiosis, nicolae_vaults_rhombus_7,
          grunt_vaults_hallway_short, v_rooms_6, ontoclasm_vaults_ligature,
          nicolae_vaults_turnstiles, nicolae_vaults_more_shelving_2,
          grunt_vaults_funnel, nicolae_vaults_mini_display_case,
          nicolae_vaults_apartment_2, nicolae_vaults_double_plus_1,
          ontoclasm_vaults_twist, layout_vaults_ring
Vaults:5: uniq_margery, uniq_boris
Crypt:1:  layout_regular_city, grunt_crypt_arrival_guarded_gate
Crypt:2:  layout_catacombs, grunt_ministairs_14, corexii_hall_statues_s
Crypt:3:  quadcrypt_mu, uniq_grunn
Depths:1: layout_cave_pools, pan_entry, hellmouth_1, dk_noncrumbling_3,
          tso_metal_star
Depths:2: hangedman_box_tower, layout_cave_pools, rand_demon_pan_entry_8,
          pf_coc_iceberg, enter_trove_1, uniq_bai_suzhen, uniq_josephina
Depths:3: grunt_arcs, layout_basic, enter_ziggurat_b, grunt_mini_vestibule,
          abyss_entry, minmay_staircase_windowed_small
Depths:4: evilmike_zot_entry_round, layout_basic, abyss_entry_crystal,
          hell_entry, chequers_serial_rivers_marsh, grunt_ministairs_7,
          uniq_mennas
Zot:1:    layout_cellular_growth, grunt_megastairs_1,
          regret_index_zotdec_twisting_globes
Zot:2:    layout_onion_interference, grunt_ministairs_6, st_stairs_2
Zot:3:    layout_basic, ebering_ghost_xom
Zot:4:    layout_cellular_growth, gammafunk_ghost_necromancy, uniq_tiamat
Zot:5:    layout_twisted_circle

Skill      XL: |  1  2  3  4  5  6  7  8  9 10 11 12 13 14 15 16 17 18 19 20 21 22 23 24 25 26 27 |
---------------+----------------------------------------------------------------------------------+-----
Axes           | 3 4 5 6 7 9 11 12 13 15 16 17 18 19 20 21 22 | 22.0
Fighting       | 4 5 7 8 9 10 12 13 15 17 18 20 22 23 24 25 | 25.0
Evocations     | 1 3 5 7 9 10 | 10.7
Armour         | 1 3 6 8 10 11 13 14 15 17 18 19 20 21 | 21.0
Throwing       | 1 2 3 7 10 13 17 | 17.2
Stealth        | 2 |  2.0
Shields        | 2 5 7 8 10 12 13 15 | 15.0
Invocations    | 2 5 7 10 11 | 11.3
Dodging        | 3 4 6 7 9 10 11 12 | 12.3
Spellcasting   | 3 6 |  6.0
Translocations | 3 8 12 | 12.0
Air Magic      | 8 |  8.0
Earth Magic    | 14 | 14.2

Action                     |  1- 3 |  4- 6 |  7- 9 | 10-12 | 13-15 | 16-18 | 19-21 | 22-24 | 25-27 || total
---------------------------+-------+-------+-------+-------+-------+-------+-------+-------+-------++-------
  Melee: Hand axe          |    85 |    47 |       |       |       |       |       |       |       ||   132
         War axe           |       |    61 |   254 |   309 |   652 |   925 |   921 |       |       ||  3122
         Trident           |       |       |       |     6 |    20 |       |       |       |       ||    26
         Morningstar       |       |       |       |       |       |     5 |       |       |       ||     5
         Broad axe         |       |       |       |       |       |       |    44 |   938 |  1315 ||  2297
  Throw: Dart              |       |     5 |       |     1 |       |       |       |       |       ||     6
         Throwing net      |       |       |       |     1 |     1 |     1 |       |       |       ||     3
         Javelin           |       |       |       |       |       |       |       |       |     8 ||     8
   Cast: Passwall          |       |       |       |       |       |       |       |       |     3 ||     3
         Vhi's Electric Ch |       |       |       |       |       |       |       |       |     1 ||     1
 Invoke: Recall Ancestor   |       |       |     1 |     3 |     9 |     8 |     5 |       |    13 ||    39
         Ancestor Life: Ba |       |       |     1 |       |       |       |       |       |       ||     1
         Idealise          |       |       |       |     1 |     6 |     2 |     2 |     5 |    13 ||    29
  Evoke: Wand              |       |       |     1 |     7 |     8 |     2 |     5 |       |     9 ||    32
    Use: Scroll            |     4 |     2 |     5 |     7 |    10 |    10 |    22 |     8 |    20 ||    88
         Potion            |       |     2 |       |       |     4 |     5 |     1 |     3 |    15 ||    30
   Stab: Distracted        |       |       |     1 |     3 |    23 |    12 |    20 |    22 |    32 ||   113
         Invisible         |       |       |       |       |     1 |       |     1 |       |       ||     2
         Petrified         |       |       |       |       |       |       |     8 |       |       ||     8
 Armour: Robe              |    31 |       |       |       |       |       |       |       |       ||    31
         Scale mail        |    20 |    54 |       |       |       |       |       |       |       ||    74
         Chain mail        |       |    34 |   187 |   268 |   507 |    97 |       |       |       ||  1093
         Gold dragon scale |       |       |       |       |       |   712 |   636 |   708 |   858 ||  2914
  Dodge: Dodged            |    39 |    64 |    81 |    89 |   143 |   157 |   107 |   201 |   276 ||  1157
  Block: Kite shield       |       |       |    47 |   322 |   540 |  1107 |   678 |   965 |  1089 ||  4748
         Reflection        |       |       |       |     8 |    23 |   116 |    61 |    19 |    58 ||   285

Table legend: (Time is in decaauts)
 A = Elapsed time spent in this place.
 B = Non-inter-level travel time spent in this place.
 C = Inter-level travel time spent in this place.
 D = Time resting spent in this place.
 E = Time spent auto-exploring this place.
 F = Levels seen in this place.
 G = Mean time per level.
                   A        B        C        D        E       F      G
               +--------+--------+--------+--------+--------+-----+--------+
         Total |  55929 |  47545 |   8384 |   5900 |  29388 |  54 | 1035.7 |
       Dungeon |  17297 |  13948 |   3349 |   1958 |   8916 |  15 | 1153.1 |
        Temple |     23 |     13 |     10 |      0 |      0 |   1 |   23.0 |
          Lair |   5623 |   4356 |   1267 |    121 |   3173 |   5 | 1124.6 |
        Shoals |   2817 |   2676 |    141 |     65 |   1733 |   4 |  704.2 |
     Snake Pit |   4434 |   3899 |    535 |    660 |   2232 |   4 | 1108.5 |
  Orcish Mines |   2966 |   2037 |    929 |     72 |   1393 |   2 | 1483.0 |
   Elven Halls |   4506 |   4015 |    491 |   1276 |   1691 |   3 | 1502.0 |
        Vaults |   6778 |   6063 |    715 |    443 |   4180 |   5 | 1355.6 |
         Crypt |   2824 |   2674 |    150 |      0 |   2124 |   3 |  941.3 |
        Depths |   4970 |   4427 |    543 |    582 |   2676 |   4 | 1242.5 |
           Zot |   2849 |   2600 |    249 |    510 |   1196 |   5 |  569.8 |
      Ice Cave |    471 |    471 |      0 |    168 |     72 |   1 |  471.0 |
       Volcano |    353 |    353 |      0 |     42 |      0 |   1 |  353.0 |
        Wizlab |     14 |     14 |      0 |      0 |      0 |   1 |   14.0 |
               +--------+--------+--------+--------+--------+-----+--------+

Top non-repeatable levels by time:
   Elf:3: 2379 daAuts
    D:13: 2178 daAuts
   Orc:2: 1958 daAuts
   Zot:5: 1954 daAuts
     D:8: 1651 daAuts
Depths:4: 1537 daAuts
  Lair:2: 1522 daAuts
Vaults:2: 1503 daAuts
Depths:2: 1501 daAuts
Vaults:5: 1489 daAuts
    D:14: 1476 daAuts
Vaults:4: 1400 daAuts
 Crypt:3: 1366 daAuts
    D:15: 1360 daAuts
Depths:3: 1310 daAuts
